AoeStats
← Smoke

Arabia

509700644Analyzed
2v2 RM · 5d ago on Sep 27, 2026· 32m 13s· 4 players
Game mode
Random Map
Map size
Medium (4 player)
Population
200
Speed
Normal
Resources
Standard
Victory
Conquest
Starting age
Dark Age
Ending age
Imperial Age
RankedLock teamsTeams togetherTeam positionsShared explorationLock speedFull tech treeHidden civsTurbo modeCheats
Victory
Defeat
🇲🇽 Ethiopians · Mexico
1303
+10
🇻🇪 Franks · Venezuela
1152
+16
🇧🇴 Magyars · Bolivia
1275
-17
🇧🇴 Mongols · Bolivia
1060
-9
Smoke
7:02 Loom
9:28 Feudal Age
9:29 Man-at-Arms
9:56 Double-Bit Axe
11:49 Town Watch
19:14 Wheelbarrow
23:33 Castle Age
21:38 Horse Collar
21:49 Gold Mining
22:08 Fletching
22:43 Padded Archer Armor
23:46 Forging
23:37 Crossbowman
26:27 Thumb Ring
30:04 Bow Saw
_DLAGON_
6:40 Loom
8:56 Feudal Age
9:41 Double-Bit Axe
15:42 Forging
17:21 Scale Barding Armor
22:17 Castle Age
20:55 Fletching
23:20 Chain Barding Armor
24:44 Iron Casting
26:14 Wheelbarrow
25:57 Town Watch
26:58 Bow Saw
26:53 Husbandry
Joner
8:04 Loom
10:15 Feudal Age
15:34 Double-Bit Axe
22:53 Horse Collar
27:53 Castle Age
Sebjo
10:57 Feudal Age
9:13 Loom
14:42 Double-Bit Axe
16:59 Horse Collar
19:35 Gold Mining
20:11 Stone Mining
20:49 Bloodlines
21:51 Scale Barding Armor
26:21 Castle Age
25:24 Scale Mail Armor
26:28 Pikeman
27:28 Chain Mail Armor
31:03 Fletching
Connection lost

Rejoining the realm…

Still unreachable

The connection could not be restored.

Session expired

The server has moved on; the page needs a fresh start.